 Dungeon Crawl Stone Soup version 0.31.0-9-g3a7656b989 (webtiles) character file.

Game seed: 2557913303670647254

296 qw the Skirmisher (level 6, -2/36 HPs)
             Began as a Deep Elf Hunter on Feb 2, 2024.
             Was an Initiate of Okawaru.
             Incinerated by a bombardier beetle (6 damage)
             ... with a burning spray
             ... on level 5 of the Dungeon.
             The game lasted 00:00:10 (2748 turns).

qw the Skirmisher (Deep Elf Hunter)                 Turns: 2748, Time: 00:00:11

Health: -2/36      AC: 12    Str: 10    XL:     6   Next: 12%
Magic:  8/8        EV: 11    Int: 14    God:    Okawaru [......]
Gold:   283        SH:  0    Dex: 18    Spells: 5/5 levels left

rFire   . . .        a - +0 shortbow
rCold   . . .        (shield currently unavailable)
rNeg    + . .        h - +3 ring mail
rPois   .            (no helmet)
rElec   .            (no cloak)
rCorr   .            (no gloves)
SInv    .            (no boots)
Will    .....        (no amulet)
Stlth   +            b - +4 ring of protection
HPRegen 0.26/turn    d - ring of positive energy
MPRegen 0.11/turn

%: no passive effects
@: on fire, glowing
A: no striking features
a: Renounce Religion


You were on level 5 of the Dungeon.
You worshipped Okawaru.
Okawaru was noncommittal.
You visited 2 branches of the dungeon, and saw 6 of its levels.

You collected 283 gold pieces.


   Skills:
 - Level 2.4 Fighting
 + Level 9.2 Ranged Weapons
 - Level 2.4 Dodging
 - Level 1.2 Stealth


You had 5 spell levels left.
You didn't know any spells.
Your spell library was empty.

Inventory:

Hand Weapons
 a - a +0 shortbow (weapon)
Armour
 h - a +3 ring mail (worn)
Jewellery
 b - a +4 ring of protection (left hand)
 d - a ring of positive energy (right hand)
Potions
 c - a potion of resistance
 e - a potion of might {unknown}
 f - a potion of brilliance {unknown}
 i - 2 potions of curing
 j - a potion of haste {unknown}

Dungeon Overview and Level Annotations

Branches:
Dungeon (5/15)             Temple (1/1) D:4

Altars:
Ashenzari
Dithmenos
Elyvilon
Hepliaklqana
Kikubaaqudgha
Nemelex Xobeh
Okawaru
Qazlal
Sif Muna
Vehumet
Wu Jian
Xom
Yredelemnul
Zin
The Shining One

Shops:
D:3 (   D:4 (


Message History

The scorpion misses you.
The scorpion stings you but does no damage.
You shoot an arrow. The arrow hits the scorpion.
You kill the scorpion!
Okawaru is honoured by your kill.
Your Fighting skill increases to level 2!
You shoot an arrow. The arrow hits the bombardier beetle.
The bombardier beetle is moderately wounded.
You shoot an arrow. The arrow hits the bombardier beetle!
The bombardier beetle is severely wounded.
The bombardier beetle barely misses you.
You shoot an arrow.
The arrow hits the bombardier beetle but does no damage.
The bombardier beetle is severely wounded.
You shoot an arrow.
The arrow barely misses the bombardier beetle.
The bombardier beetle sprays incendiary fluid at you.
The burning spray hits you.
You are covered in liquid fire!
You shoot an arrow. The arrow hits the bombardier beetle.
The bombardier beetle is almost dead.
The liquid fire burns you!
You shoot an arrow. The arrow hits the bombardier beetle.
You kill the bombardier beetle!
Okawaru accepts your kill. The liquid fire burns you!
You have reached level 6!
You are on fire!
The liquid fire burns you!
You are on fire!
The liquid fire burns you!
You are on fire!
The liquid fire burns you!
You are on fire!
The liquid fire burns you!
You are on fire!
The liquid fire burns you!
You are on fire!
The liquid fire burns you!
You die...

..... .... ...
##.. ...
#######.# .
..#....<#%###...#
#........@....#
..#.#####.#####
.. #.# . ..# ...
...# ..)# ....#


There were no monsters in sight!

Vanquished Creatures
  A phantom (D:4)
  A scorpion (D:5)
  A bombardier beetle (D:5)
  An iguana (D:2)
  4 adders
  A dart slug (D:1)
  5 orcs (D:3)
  7 bats
  3 endoplasms
  2 giant cockroaches (D:1)
  5 goblins
  3 hobgoblins
  3 jackals (D:4)
  4 quokkas
  7 ball pythons
  2 frilled lizards
  7 kobolds
  3 rats
60 creatures vanquished.

Notes
Turn   | Place    | Note
-------+----------+-------------------------------------------
     0 | D:1      | qw the Deep Elf Hunter began the quest for the Orb.
     0 | D:1      | Reached XP level 1. HP: 12/12 MP: 3/3
     0 | D:1      | 0 ||| qw: Version: 0.3-a-155-g5e7d8dd
     0 | D:1      | 0 ||| qw: Game counter: 2709
     0 | D:1      | 0 ||| qw: Melee chars always use a shield: true
     0 | D:1      | 0 ||| qw: God list: Okawaru
     0 | D:1      | 0 ||| qw: Allow faded altars: false
     0 | D:1      | 0 ||| qw: Do Orc after clearing Dungeon:15 true
     0 | D:1      | 0 ||| qw: Do second Lair branch before Depths: true
     0 | D:1      | 0 ||| qw: Lair rune preference: random
     0 | D:1      | 0 ||| qw: Goals: Normal
     0 | D:1      | 0 ||| PLANNING D:1-11
    65 | D:1      | Reached XP level 2. HP: 16/16 MP: 4/4
   124 | D:1      | Reached skill level 6 in Ranged Weapons
   494 | D:1      | Reached XP level 3. HP: 20/20 MP: 5/5
   666 | D:1      | 666 ||| UPGRADING to +0 ring mail.
   676 | D:1      | 676 ||| DROPPING +0 leather armour.
   688 | D:1      | Found an ornate altar of the Wu Jian Council.
   689 | D:1      | 689 ||| READING 3 scrolls labelled ZAN JANIRCHA.
   689 | D:1      | 689 ||| IDENTIFYING ruby potion
   690 | D:1      | 690 ||| READING 2 scrolls of identify.
   690 | D:1      | 690 ||| IDENTIFYING viscous silvery potion
   691 | D:1      | 691 ||| READING scroll of identify.
   691 | D:1      | 691 ||| IDENTIFYING scroll labelled YCERUS GIB DUE
   692 | D:1      | 692 ||| READING scroll of enchant armour.
   692 | D:1      | 692 ||| ENCHANTING +0 ring mail.
   694 | D:1      | 694 ||| READING scroll labelled WORPHE ZAUTET.
   695 | D:1      | 695 ||| READING scroll labelled FACHOE WEINORU.
   696 | D:1      | 696 ||| READING scroll labelled OSSAAN AMOI.
   697 | D:1      | 697 ||| DROPPING scroll of butterflies.
   698 | D:1      | 698 ||| DROPPING potion of lignification.
   739 | D:2      | Reached skill level 7 in Ranged Weapons
   952 | D:2      | 952 ||| READING scroll of enchant armour.
   952 | D:2      | 952 ||| ENCHANTING +1 ring mail.
   969 | D:2      | Reached XP level 4. HP: 25/25 MP: 6/6
  1236 | D:2      | Identified the +10 great sword "Zabeizu" {vamp, Str+8
                  | Int+3}
  1264 | D:2      | 1264 ||| UPGRADING to +4 ring of protection.
  1265 | D:2      | 1265 ||| UPGRADING to ring of positive energy.
  1266 | D:2      | 1266 ||| READING scroll labelled ETRISU HIUDGH.
  1270 | D:2      | 1270 ||| DRINKING 2 glowing brown potions.
  1271 | D:2      | 1271 ||| DRINKING potion of curing.
  1271 | D:2      | 1271 ||| (to cure confusion)
  1272 | D:2      | 1272 ||| DROPPING potion of ambrosia.
  1357 | D:3      | Found Ifi Lepau's Antique Weapon Boutique.
  1632 | D:3      | Reached skill level 8 in Ranged Weapons
  1766 | D:3      | 1766 ||| READING scroll of enchant armour.
  1766 | D:3      | 1766 ||| ENCHANTING +2 ring mail.
  1857 | D:3      | 1857 ||| READING scroll of identify.
  1857 | D:3      | 1857 ||| IDENTIFYING emerald potion
  1919 | D:4      | Found a staircase to the Ecumenical Temple.
  1920 | D:4      | 1920 ||| PLANNING TEMPLE
  1928 | Temple   | Entered the Ecumenical Temple
  1929 | Temple   | 1929 ||| PLANNING OKAWARU WORSHIP
  1938 | Temple   | Became a worshipper of Warmaster Okawaru
  1939 | Temple   | 1939 ||| PLANNING D:1-11
  2124 | D:4      | Found Ynken's Antique Weapon Emporium.
  2271 | D:4      | Found a radiant altar of Vehumet.
  2426 | D:4      | Noticed a phantom
  2439 | D:4      | Killed a phantom
  2440 | D:4      | Reached skill level 9 in Ranged Weapons
  2440 | D:4      | Reached XP level 5. HP: 15/29 MP: 7/7
  2559 | D:4      | 2559 ||| READING scroll labelled WYDEFIF DIMN.
  2560 | D:4      | 2560 ||| READING scroll labelled GEGEITSOSIP.
  2661 | D:4      | 2661 ||| READING scroll labelled ENNOIMYARU.
  2721 | D:5      | Entered Level 5 of the Dungeon
  2743 | D:5      | Reached XP level 6. HP: 22/36 MP: 8/8
  2746 | D:5      | HP: 8/36 [burnt (3)]
  2748 | D:5      | Incinerated by a bombardier beetle

Levels and vault maps discovered:
D:1:      dpeg_arrival_lava_altar, layout_basic, kennysheep_pointless_box,
          minmay_crystal_water, minmay_curled_crystal
D:2:      layout_loops_ring
D:3:      layout_loops_cross, serial_shops, nicolae_shop_pleasant_corner_grove
D:4:      layout_basic, mainiacjoe_overflow_cross_hatched,
          minmay_temple_entry_junction_2, serial_shops,
          nicolae_shop_back_alley_shop
D:5:      lemuel_ice_spiral_2, layout_basic, grunt_ministairs_2,
          uniq_crazy_yiuf_cottage
Temple:   nicolae_temple_great_sept

Skill      XL: |  1  2  3  4  5 |
---------------+----------------+-----
Ranged Weapons | 6 7 9 |  9.2
Fighting       | 2 |  2.4
Dodging        | |  2.4
Stealth        | |  1.2

Action                     |  1- 3 |  4- 6 || total
---------------------------+-------+-------++-------
   Fire: Shortbow          |    76 |   125 ||   201
    Use: Scroll            |     8 |     6 ||    14
         Potion            |       |     2 ||     2
 Armour: Leather armour    |    13 |       ||    13
         Ring mail         |     1 |    51 ||    52
  Dodge: Dodged            |    24 |    36 ||    60

Table legend:
 A = Non-vault XP
 B = Vault XP
 C = Vault XP percentage of total XP
 D = Non-vault monster count
 E = Vault monster count
 F = Vault count percentage of total count
                 A         B        C        D         E       F
            +---------+---------+-------+---------+---------+-------
      Total |     423 |       0 |   0.0 |      60 |       0 |   0.0
            +---------+---------+-------+---------+---------+-------
        D:1 |      42 |       0 |   0.0 |      25 |       0 |   0.0
        D:2 |      75 |       0 |   0.0 |      12 |       0 |   0.0
        D:3 |      40 |       0 |   0.0 |      13 |       0 |   0.0
        D:4 |     130 |       0 |   0.0 |       8 |       0 |   0.0
        D:5 |     136 |       0 |   0.0 |       2 |       0 |   0.0
            +---------+---------+-------+---------+---------+-------
